 Dungeon Crawl Stone Soup version 0.27.1 (webtiles) character file.

Game seed: 8102199630399422258

63 r3algoood the Grave Robber (level 3, 0/19 HPs)
             Began as a Deep Elf Necromancer on Aug 31, 2021.
             Slain by an orc wizard (2 damage)
             ... on level 3 of the Dungeon.
             The game lasted 00:04:53 (3274 turns).

r3algoood the Grave Robber (Deep Elf Necromancer)   Turns: 3274, Time: 00:04:54

Health: 0/19       AC:  3    Str:  5    XL:     3   Next: 87%
Magic:  7/10       EV: 12    Int: 20    God:
Gold:   125        SH:  0    Dex: 15    Spells: 9/10 levels left

rFire    . . .     SeeInvis .   k - +0 hand axe (distort)
rCold    . . .     Faith    .   (no shield)
rNeg     . . .     Spirit   .   a - +0 robe
rPois    .         Reflect  .   (no helmet)
rElec    .         Harm     .   l - +0 cloak
rCorr    .         Rampage  .   (no gloves)
Will     .....                  (no boots)
Stlth    ++........             (no amulet)
HPRegen  0.06/turn              (no ring)
MPRegen  0.12/turn              (no ring)

@: no status effects
A: no striking features
a: no special abilities


You were on level 3 of the Dungeon.
You visited 1 branch of the dungeon, and saw 3 of its levels.

You collected 125 gold pieces.

Inventory:

Hand Weapons
 d - a +0 whip
 k - a +0 hand axe of distortion (weapon)
Armour
 a - a +0 robe (worn)
 l - a +0 cloak (worn)
Scrolls
 b - a scroll of amnesia {unknown}
 c - 2 scrolls of enchant weapon {unknown}
 f - a scroll of torment {unknown}
 g - 2 scrolls of identify {unknown}
 j - 4 scrolls of teleportation {unknown}
 m - a scroll of blinking {unknown}
Potions
 e - a potion of heal wounds {unknown}
 h - a potion of haste {unknown}
 i - a potion of brilliance {unknown}


   Skills:
 + Level 0.3 Maces & Flails
 + Level 2.6 Dodging
 + Level 2.6 Stealth
 + Level 4.1 Spellcasting
 + Level 5.8 Necromancy


You had 9 spell levels left.
You knew the following spells:

 Your Spells              Type           Power      Damage    Failure   Level
a - Pain                  Necr           100%       1d9       1%          1

Your spell library contained the following spells:

 Spells                   Type           Power      Damage    Failure   Level
 Animate Skeleton         Necr           54%        N/A       1%          1
 Vampiric Draining        Necr           13%        2d7       3%          3
 Animate Dead             Necr           13%        N/A       12%         4
 Static Discharge         Conj/Air       4%         N/A       19%         2
 Agony                    Necr           27%        N/A       32%         5
 Ignite Poison            Fire/Tmut/Pois 4%         N/A       36%         3
 Mephitic Cloud           Conj/Pois/Air  4%         N/A       36%         3
 Bolt of Magma            Conj/Fire/Erth 2%         4d4       98%         5
 Lightning Bolt           Conj/Air       2%         1d13      98%         5
 Maxwell's Capacitive Co  Air            2%         ∞         100%        8


Dungeon Overview and Level Annotations

Branches:
Dungeon (3/15)

Altars:
Dithmenos
Fedhas
Ru
Zin


Message History

Confirm with . or Enter, or press ? or * to list all spells.
Aiming: Pain (safe; 1% risk of failure)
Press: ? - help, Shift-Dir - straight line, f - orc
Aim: an orc, wielding a +0 mace and wearing a +0 chain mail (chance to affect: 93%)
Something writhes in agony.
Casting: Pain (safe; 1% risk of failure)
Confirm with . or Enter, or press ? or * to list all spells.
Aiming: Pain (safe; 1% risk of failure)
Press: ? - help, Shift-Dir - straight line, f/p - orc
Aim: an orc, wielding a +0 mace and wearing a +0 chain mail (chance to affect: 93%)
The orc writhes in agony!
You kill the orc!
Something hits you.
Unknown command.
Something hits you.
* * * LOW HITPOINT WARNING * * *
Things that are here:
a +0 mace; a +0 chain mail; an orc corpse
Casting: Pain (safe; 1% risk of failure)
Confirm with . or Enter, or press ? or * to list all spells.
You can't see any susceptible monsters within range! (Use Z to cast anyway.) Unknown command.
Something hits you.
* * * LOW HITPOINT WARNING * * *
You hear some strange, mumbled words.
A puff of flame appears from out of thin air!
The puff of flame misses you.
Casting: Pain (safe; 1% risk of failure)
Confirm with . or Enter, or press ? or * to list all spells.
You can't see any susceptible monsters within range! (Use Z to cast anyway.) Unknown command.
You hear some strange, mumbled words.
You are confused.
There is an escape hatch in the ceiling here.
Something hits you.
* * * LOW HITPOINT WARNING * * *
You bump into the rock wall.
You feel less confused. Something hits you.
You die...

.<........##..##.......
#.####.#.....###.###.##
.......#..###.#.#.#...
#####..#.##.....#.#..#
....>................
#######.#.#......#.....
........#)########.####
##.<#.#...# #.#
#@.#.#.#.####.###
#..#............##
#..###.#......#.#. #..#
#.########.#. #..#
#........#.#.
########..#
#.####+##..#.
###.........#
#..##.⌠.##...
#..........##
##..##...##..
#.#.########
##..##...##.


There were no monsters in sight!

Vanquished Creatures
  An adder (D:3)
  A worm (D:2)
  A dart slug (D:2)
  4 orcs (D:3)
  3 bats
  3 endoplasms
  2 giant cockroaches
  6 goblins
  5 hobgoblins
  2 jackals (D:2)
  2 quokkas (D:1)
  3 ball pythons
  A frilled lizard (D:3)
  2 kobolds
  6 rats
42 creatures vanquished.

Notes
Turn   | Place    | Note
-------+----------+-------------------------------------------
     0 | D:1      | r3algoood the Deep Elf Necromancer began the quest for the
                  | Orb.
     0 | D:1      | Reached XP level 1. HP: 10/10 MP: 6/6
   168 | D:1      | Reached skill level 5 in Necromancy
   816 | D:1      | Reached XP level 2. HP: 12/15 MP: 5/8
  1740 | D:2      | Reached XP level 3. HP: 8/19 MP: 2/10
  2316 | D:2      | Found a glowing silver altar of Zin.
  2638 | D:3      | Found a shadowy altar of Dithmenos.
  2748 | D:3      | Found a faded altar of an unknown god.
  2982 | D:3      | Found a blossoming altar of Fedhas.
  3149 | D:3      | Found a sacrificial altar of Ru.
  3274 | D:3      | Slain by an orc wizard

Illustrated notes

Levels and vault maps discovered:
D:1:      shiori_arrival_oz, layout_basic
D:2:      layout_basic, serial_corexii_hall, chequers_hall_statues_y,
          corexii_hall_statues_s, corexii_hall_statues_i, basic_altar,
          minmay_splitting_lines
D:3:      layout_basic, nicolae_dithmenos_through_a_glass_darkly,
          mainiacjoe_overflow_catch_the_wave,
          shapermc_ecumenical_altar_starsandcircs, grunt_decor_arrowhead,
          kennysheep_cross_bottleneck

Skill      XL: |  1  2  3 |
---------------+----------+-----
Necromancy     | 5 |  5.8
Spellcasting   | 4 |  4.1
Maces & Flails | |  0.3
Dodging        | |  2.6
Stealth        | |  2.6

Action                   || total
-------------------------++-------
Melee: Whip              ||    14
       Hand axe          ||     2
 Cast: Pain              ||    72
 Stab: Sleeping          ||     1
Armor: Robe              ||     4
Dodge: Dodged            ||    24
